Workbook
Name _: [1]RECURSOS!$A$2:$E$478
Name _.: [1]RECURSOS!$A$2:$E$478
Name ________________________________PJ50: #REF!
Name _______________________________PJ50: #REF!
Name ______________________________APU221: #REF!
Name ______________________________PJ50: #REF!
Name ______________________________pj51: #REF!
Name _____________________________APU221: #REF!
Name _____________________________pj51: #REF!
Name ____________________________APU221: #REF!
Name ____________________________PJ50: #REF!
Name ____________________________pj51: #REF!
Name ____________________________rc: #REF!
Name ___________________________PJ50: #REF!
Name ___________________________rc: #REF!
Name __________________________APU221: #REF!
Name __________________________PJ50: #REF!
Name __________________________pj51: #REF!
Name __________________________rc: #REF!
Name _________________________APU221: #REF!
Name _________________________PJ50: #REF!
Name _________________________pj51: #REF!
Name _________________________rc: #REF!
Name ________________________APU221: #REF!
Name ________________________PJ50: #REF!
Name ________________________pj51: #REF!
Name ________________________rc: #REF!
Name _______________________APU221: #REF!
Name _______________________PJ50: #REF!
Name _______________________pj51: #REF!
Name _______________________rc: #REF!
Name ______________________APU221: #REF!
Name ______________________i1: #REF!
Name ______________________PJ50: #REF!
Name ______________________pj51: #REF!
Name ______________________rc: #REF!
Name _____________________APU221: #REF!
Name _____________________i1: #REF!
Name _____________________PJ50: #REF!
Name _____________________pj51: #REF!
Name _____________________rc: #REF!
Name ____________________APU221: #REF!
Name ____________________i1: #REF!
Name ____________________PJ50: #REF!
Name ____________________pj51: #REF!
Name ____________________rc: #REF!
Name ___________________APU221: #REF!
Name ___________________i1: #REF!
Name ___________________PJ50: #REF!
Name ___________________pj51: #REF!
Name ___________________rc: #REF!
Name __________________APU221: #REF!
Name __________________i1: #REF!
Name __________________PJ50: #REF!
Name __________________pj51: #REF!
Name __________________rc: #REF!
Name _________________APU221: #REF!
Name _________________i1: #REF!
Name _________________PJ50: #REF!
Name _________________pj51: #REF!

Sheet ZAFIRO V14  ACTA MODI No. 2 
A1: ACTA DE MODIFICACION CONTRATO DE OBRA
T3: -20558.23
A6: ACTA MODIFICACION No. | C6: 2 | J6: VALOR | K6: 6.5092453e+10 | M6: PLAZO DE EJECUCION INICIAL: | O6: 6 MESES Y 24 DÍAS
M7: FECHA DE TERMINACION INICIAL: | O7: 31 DE DICIEMBRE DE 2025
A8: TIPO DE CONTRATO: | B8: OBRA | F8: VR INICIAL CONTRATO: | K8: =+K6 -> 6.5092453e+10 | M8: SUPENSION No. 1;
A9: OBJETO: | B9: CONSTRUCCIÓN, ADECUACIÓN Y MEJORAMIENTO DEL URBANISMO SOBRE EL MALECON DEL DISTRITO DE RÍOHACHA, DEPARTAMENTO DE LA GUAJIRA | I9: VR ADICIONES: | K9: =+C358 -> 1.2839979e+10 | M9: REINICIO No. 1: | S9: 5449.6241 | T9: 1.3364371 | U9: =+S9*T9 -> 7283.08
M10: SUPENSION No. 2;
A11: CONTRATISTA : | B11: TRANSPORTE INGENIERIA CONSTRUCCIONES Y MAQUINARIA S.A. TICOM S.A. | I11: VR ACTUAL CONTRATO: | K11: =+K8+K9 -> 7.7932432e+10 | M11: REINICIO No. 2:
A12: INTERVENTOR: | B12: CONSORCIO ZAFIRO | C12: CTO INTERV. No. | E12: CO1. PCCNTR. 7837771 DE 2025 | I12: FECHA INICIO | K12: 6 DE JUNIO DE 2025 | M12: PRORROGA No. 1: | O12: OCHO (8) MESES y ONCE (11) días
M13: PLAZO TOTAL DE EJECUCIÓN: | O13: QUINCE (15) MESES y CINCO (5) DÍAS.
M14: FECHA DE TERMINACION ACTUAL: | O14: 11 DE SEPTIEMBRE DE 2026
A16: En Riohacha, a los ocho (8) días del mes de junio del año 2026, se reunieron; por el Contratista de Obras, el Señor Jose Maria Vecino Villareal, Representante Legal de TICOM S.A.; Por la Interventoría, Liliana Margarita Araos Berardinelli presentante Legal del Consorcio Zafiro, para dejar constancia por medio de la presente acta Modificativa las siguientes actividades según las condiciones que se detallan a continuación: | T16: 1.2839979e+10 | AN16: =+F351 -> 6.5092453e+10 | AO16: =+R351 -> 7.7932432e+10
A18: ÍTEM | B18: DESCRIPCIÓN (Corresponde a los ítems o productos contratados) | C18: UNIDAD | D18: CONTRATO | F18: =+C358 -> 1.2839979e+10 | G18: CONDICIONES ACTUALIZADAS Acta de modificacion de fecha | I18: CANTIDAD | K18: VALOR | M18: ITEM NO PREVISTO | P18: ACTA MODIFICATIVA No. 2 | T18: =+C358 -> 1.2839979e+10 | X18: =12840000000 -> 12840000000
D19: CANTIDAD CONTRATO | E19: VALOR UNITARIO | F19: VALOR TOTAL PARCIAL | G19: CANTIDAD | H19: VALOR | I19: MAS (+) | J19: MENOS (-) | K19: VALOR TOTAL (+) | L19: VALOR TOTAL (-) | M19: CANTIDAD | N19: ZAFIRO VR UNITARIO | O19: ZAFIRO VR TOTAL | P19: CANT. | Q19: VR. UNIT | R19: VALOR PARCIAL | T19: 1.2839979e+10 | U19: =T18-T19 -> 0.0030822754
A21: 1 | B21: TRABAJOS DE ADECUACIÓN DEL CAMPO | F21: =+F22+F26 -> 1.8665682e+09 | H21: =+H22+H26 -> 1.8665682e+09 | K21: =+K22+K26 -> 0 | L21: =+L22+L26 -> 1.8279417e+08 | R21: =+R22+R26 -> 1.6837741e+09 | AH21: =+R21*1.33 -> 2.2394195e+09
A22: 1.1 | B22: PRELIMINARES | F22: =SUM(F23:F25) -> 1.0564633e+09 | H22: =SUM(H23:H25) -> 1.0564633e+09 | K22: =SUM(K23:K25) -> 0 | L22: =SUM(L23:L25) -> 1.8279417e+08 | R22: =SUM(R23:R25) -> 8.736691e+08 | U22: CANTIDAD | V22: VALOR PARCIAL | X22: CANTIDAD | Y22: VALOR PARCIAL | AH22: =+R22*1.33 -> 1161979900
A23: 1.1.1 | B23: LOCALIZACIÓN, TRAZADO Y REPLANTEO (M2). INCLUYE COMISIÓN TOPOGRÁFICA, CARTERA Y PLANOS. | C23: M2 | D23: 79500 | E23: 5449.6241 | F23: =+D23*E23 -> 4.3324511e+08 | G23: 79500 | H23: =+E23*G23 -> 4.3324511e+08 | K23: =+E23*I23 -> 0 | L23: =+E23*J23 -> 0 | P23: =+G23+I23-J23+M23 -> 79500 | Q23: =+E23 -> 5449.6241 | R23: =+P23*Q23 -> 4.3324511e+08 | S23: =+Q23*1.33 -> 7248 | V23: =+Q23*U23 -> 0 | Y23: =+Q23*X23 -> 0 | AH23: =+R23*1.33 -> 576216000 | AO23: =+R23*1.33 -> 576216000
A24: 1.1.2 | B24: CERRAMIENTO PROVISIONAL EN TELA VERDE H=2.10 M. ESTACONES EN MADERA COMÚN. BASES EN CONCRETO 2000 PSI. PARA ZONA COLINDANTE A CARRERA PRINCIPAL | C24: ML | D24: 2060 | E24: 259072.93 | F24: =+D24*E24 -> 5.3369024e+08 | G24: 2060 | H24: =+E24*G24 -> 5.3369024e+08 | J24: 360 | K24: =+E24*I24 -> 0 | L24: =+E24*J24 -> 93266256 | P24: =+G24+I24-J24+M24 -> 1700 | Q24: =+E24 -> 259072.93 | R24: =+P24*Q24 -> 4.4042398e+08 | S24: =+Q24*1.33 -> 344567 | V24: =+Q24*U24 -> 0 | Y24: =+Q24*X24 -> 0 | AH24: =+R24*1.33 -> 585763900 | AO24: =+R24*1.33 -> 585763900
A25: 1.1.3 | B25: CERRAMIENTO PROVISIONAL EN TELA VERDE H=2.10 M. ESTACONES EN MADERA COMÚN. PARA ZONA DE PLAYA | C25: ML | D25: 2060 | E25: 43460.15 | F25: =+D25*E25 -> 89527910 | G25: 2060 | H25: =+E25*G25 -> 89527910 | J25: 2060 | K25: =+E25*I25 -> 0 | L25: =+E25*J25 -> 89527910 | P25: =+G25+I25-J25+M25 -> 0 | Q25: =+E25 -> 43460.15 | R25: =+P25*Q25 -> 0 | S25: =+Q25*1.33 -> 57802 | V25: =+Q25*U25 -> 0 | Y25: =+Q25*X25 -> 0 | AH25: =+R25*1.33 -> 0 | AO25: =+R25*1.33 -> 0
A26: 1.2 | B26: DEMOLICION Y DESMONTE | F26: =SUM(F27:F32) -> 8.1010497e+08 | H26: =SUM(H27:H32) -> 8.1010497e+08 | K26: =SUM(K27:K32) -> 0 | L26: =SUM(L27:L32) -> 0 | R26: =SUM(R27:R32) -> 8.1010497e+08 | V26: =+Q26*U26 -> 0 | Y26: =+Q26*X26 -> 0 | AH26: =+R26*1.33 -> 1.0774396e+09
A27: 1.2.1 | B27: DEMOLICION PISO EN BALDOSIN. | C27: M2 | D27: 13040.3 | E27: 25951.88 | F27: =+D27*E27 -> 3.384203e+08 | G27: 13040.3 | H27: =+E27*G27 -> 3.384203e+08 | K27: =+E27*I27 -> 0 | L27: =+E27*J27 -> 0 | P27: =+G27+I27-J27+M27 -> 13040.3 | Q27: =+E27 -> 25951.88 | R27: =+P27*Q27 -> 3.384203e+08 | U27: 667 | V27: =+Q27*U27 -> 17309904 | Y27: =+Q27*X27 -> 0 | AH27: =+R27*1.33 -> 4.5009899e+08 | AO27: =+R27*1.33 -> 4.5009899e+08
A28: 1.2.2 | B28: DEMOLICION DE PLANTILLA EN CONCRETO. | C28: M2 | D28: 13040.3 | E28: 22848.12 | F28: =+D28*E28 -> 2.9794634e+08 | G28: 13040.3 | H28: =+E28*G28 -> 2.9794634e+08 | K28: =+E28*I28 -> 0 | L28: =+E28*J28 -> 0 | P28: =+G28+I28-J28+M28 -> 13040.3 | Q28: =+E28 -> 22848.12 | R28: =+P28*Q28 -> 2.9794634e+08 | U28: 216.6 | V28: =+Q28*U28 -> 4948902.9 | Y28: =+Q28*X28 -> 0 | AH28: =+R28*1.33 -> 3.9626864e+08 | AO28: =+R28*1.33 -> 3.9626864e+08
A29: 1.2.3 | B29: DEMOLICION MANUAL DE MUROS e=0.25. | C29: M2 | D29: 2093.2736 | E29: 34575.188 | F29: =+D29*E29 -> 72375328 | G29: 2093.2736 | H29: =+E29*G29 -> 72375328 | K29: =+E29*I29 -> 0 | L29: =+E29*J29 -> 0 | P29: =+G29+I29-J29+M29 -> 2093.2736 | Q29: =+E29 -> 34575.188 | R29: =+P29*Q29 -> 72375328 | V29: =+Q29*U29 -> 0 | Y29: =+Q29*X29 -> 0 | AH29: =+R29*1.33 -> 96259186 | AO29: =+R29*1.33 -> 96259186
A30: 1.2.4 | B30: DEMOLICIONES DE ESTRUCTURAS EN CONCRETO REFORZADO. INCLUYE CARGUE, RETIRO Y DESECHO DE ESCOMBROS HASTA 20 KM. | C30: M3 | D30: 133.9 | E30: 318603.76 | F30: =+D30*E30 -> 42661043 | G30: 133.9 | H30: =+E30*G30 -> 42661043 | K30: =+E30*I30 -> 0 | L30: =+E30*J30 -> 0 | P30: =+G30+I30-J30+M30 -> 133.9 | Q30: =+E30 -> 318603.76 | R30: =+P30*Q30 -> 42661043 | V30: =+Q30*U30 -> 0 | Y30: =+Q30*X30 -> 0 | AH30: =+R30*1.33 -> 56739188 | AO30: =+R30*1.33 -> 56739188
A31: 1.2.5 | B31: DESMONTE DE BANCAS. | C31: UND | D31: 250 | E31: 51422.556 | F31: =+D31*E31 -> 12855639 | G31: 250 | H31: =+E31*G31 -> 12855639 | K31: =+E31*I31 -> 0 | L31: =+E31*J31 -> 0 | P31: =+G31+I31-J31+M31 -> 250 | Q31: =+E31 -> 51422.556 | R31: =+P31*Q31 -> 12855639 | V31: =+Q31*U31 -> 0 | Y31: =+Q31*X31 -> 0 | AH31: =+R31*1.33 -> 17098000 | AO31: =+R31*1.33 -> 17098000
A32: 1.2.6 | B32: TRANSPORTE Y DISPOSICIÓN FINAL DE ESCOMBROS EN SITIO AUTORIZADO. | C32: M3 | D32: 1916.327 | E32: 23924.06 | F32: =+D32*E32 -> 45846323 | G32: 1916.327 | H32: =+E32*G32 -> 45846323 | K32: =+E32*I32 -> 0 | L32: =+E32*J32 -> 0 | P32: =+G32+I32-J32+M32 -> 1916.327 | Q32: =+E32 -> 23924.06 | R32: =+P32*Q32 -> 45846323 | U32: 1000 | V32: =+Q32*U32 -> 23924060 | X32: 1000 | Y32: =+Q32*X32 -> 23924060 | AH32: =+R32*1.33 -> 60975610 | AO32: =+R32*1.33 -> 60975610
A33: 2 | B33: EXCAVACIONES Y LLENOS | F33: =+F34+F37 -> 7.0017451e+09 | H33: =+H34+H37 -> 6.7666915e+09 | K33: =+K34+K37 -> 2.0300776e+09 | L33: =+L34+L37 -> 0 | R33: =+R34+R37 -> 8.7967691e+09 | V33: =+Q33*U33 -> 0 | Y33: =+Q33*X33 -> 0 | AH33: =+R33*1.33 -> 1.1699703e+10
A34: 2.1 | B34: MOVIMIENTO DE TIERRA | F34: =SUM(F35:F36) -> 3.0830047e+09 | H34: =SUM(H35:H36) -> 3.0830047e+09 | K34: =SUM(K35:K36) -> 1.7117971e+08 | L34: =SUM(L35:L36) -> 0 | R34: =SUM(R35:R36) -> 3.2541844e+09 | V34: =+Q34*U34 -> 0 | Y34: =+Q34*X34 -> 0 | AH34: =+R34*1.33 -> 4.3280653e+09
A35: 2.1.1 | B35: EXCAVACIÓN MECÁNICA EN MATERIAL COMÚN. INCLUYE CARGUE, TRANSPORTE Y DISPOSICIÓN FINAL DE RESIDUOS. | C35: M3 | D35: 39208.032 | E35: 76441.353 | F35: =+D35*E35 -> 2.997115e+09 | G35: 39208.032 | H35: =+E35*G35 -> 2.997115e+09 | I35: 2239.36 | K35: =+E35*I35 -> 1.7117971e+08 | L35: =+E35*J35 -> 0 | P35: =+G35+I35-J35+M35 -> 41447.392 | Q35: =+E35 -> 76441.353 | R35: =+P35*Q35 -> 3.1682947e+09 | T35: =+I35*Q35*1.33 -> 2.2766901e+08 | U35: 5620 | V35: =+Q35*U35 -> 4.2960041e+08 | X35: 1029.3 | Y35: =+Q35*X35 -> 78681085 | AH35: =+R35*1.33 -> 4.213832e+09 | AO35: =+R35*1.33 -> 4.213832e+09
A36: 2.1.2 | B36: EXCAVACIÓN MANUAL, CARGUE, TRANSPORTE Y DISPOSICIÓN FINAL DE MATERIAL. | C36: M3 | D36: 1209.9064 | E36: 70988.722 | F36: =+D36*E36 -> 85889709 | G36: 1209.9064 | H36: =+E36*G36 -> 85889709 | K36: =+E36*I36 -> 0 | L36: =+E36*J36 -> 0 | P36: =+G36+I36-J36+M36 -> 1209.9064 | Q36: =+E36 -> 70988.722 | R36: =+P36*Q36 -> 85889709 | V36: =+Q36*U36 -> 0 | Y36: =+Q36*X36 -> 0 | AH36: =+R36*1.33 -> 1.1423331e+08 | AI36: =+C358 -> 1.2839979e+10 | AO36: =+R36*1.33 -> 1.1423331e+08
A37: 2.2 | B37: NIVELACIÓN Y RELLENOS | F37: =SUM(F38:F41) -> 3.9187403e+09 | H37: =SUM(H38:H41) -> 3.6836868e+09 | K37: =SUM(K38:K41) -> 1.8588979e+09 | L37: =SUM(L38:L41) -> 0 | R37: =SUM(R38:R41) -> 5.5425847e+09 | V37: =+Q37*U37 -> 0 | Y37: =+Q37*X37 -> 0 | AH37: =+R37*1.33 -> 7.3716376e+09
A38: 2.2.1 | B38: RELLENO EN RECEBO COMUN PARA NIVELACION DE TERRENO. INCLUYE EXTENDIDO, NIVELACIÓN, HUMEDECIMIENTO Y COMPACTACIÓN CON MAQUINARIA PESADA. | C38: M3 | D38: 9802.008 | E38: 76466.165 | F38: =+D38*E38 -> 7.4952197e+08 | G38: 44687.408 | H38: =+E38*G38 -> 3.4170747e+09 | I38: =+[135]V3!$D$42-I35 -> 23779.268 | K38: =+E38*I38 -> 1.8183094e+09 | L38: =+E38*J38 -> 0 | P38: =+G38+I38-J38+M38 -> 68466.676 | Q38: =+E38 -> 76466.165 | R38: =+P38*Q38 -> 5.2353841e+09 | U38: 7000 | V38: =+Q38*U38 -> 5.3526316e+08 | Y38: =+Q38*X38 -> 0 | AH38: =+R38*1.33 -> 6.9630609e+09 | AI38: 1.7435821e+09 | AJ38: 0.75 | AK38: 1.8 | AL38: =+P38*AJ38*AK38 -> 92430.012 | AN38: 37190.008 | AO38: =+R38*1.33 -> 6.9630609e+09
A39: 2.2.2 | B39: RELLENO GRANULAR SELECCIONADO Y COMPACTADO. | C39: M3 | D39: 8881.408 | E39: 113442.11 | F39: =+D39*E39 -> 1.0075256e+09 | G39: 0 | H39: =+E39*G39 -> 0 | K39: =+E39*I39 -> 0 | L39: =+E39*J39 -> 0 | P39: =+G39+I39-J39+M39 -> 0 | Q39: =+E39 -> 113442.11 | R39: =+P39*Q39 -> 0 | V39: =+Q39*U39 -> 0 | Y39: =+Q39*X39 -> 0 | AH39: =+R39*1.33 -> 0 | AI39: 1.0075256e+09 | AJ39: 0.7 | AK39: 1.6 | AL39: =+P39*AJ39*AK39 -> 0 | AM39: =80000000/Q39 -> 705.20553 | AO39: =+R39*1.33 -> 0
A40: 2.2.3 | B40: SUBBASE GRANULAR TIPO INVIAS ESTABILIZADA CON CEMENTO AL 4%. SUMINISTRO, EXTENDIDO, HUMEDECIMIENTO Y COMPACTACIÓN CON RODILLO VIBROCOMPACTADOR 15 TON). | C40: M3 | D40: 10722.608 | E40: 201304.51 | F40: =+D40*E40 -> 2.1585094e+09 | G40: 1308.608 | H40: =+E40*G40 -> 2.6342869e+08 | K40: =+E40*I40 -> 0 | L40: =+E40*J40 -> 0 | P40: =+G40+I40-J40+M40 -> 1308.608 | Q40: =+E40 -> 201304.51 | R40: =+P40*Q40 -> 2.6342869e+08 | U40: 1308.61 | V40: =+Q40*U40 -> 2.634291e+08 | Y40: =+Q40*X40 -> 0 | AH40: =+R40*1.33 -> 3.5036016e+08 | AI40: 2.1585094e+09 | AJ40: 0.7 | AK40: 1.4 | AL40: =+P40*AJ40*AK40 -> 1282.4358 | AO40: =+R40*1.33 -> 3.5036016e+08
A41: 2.2.4 | B41: CONFORMACION DE LA BANCA EXISTENTE | C41: M2 | D41: 3300 | E41: 964.66165 | F41: =+D41*E41 -> 3183383.5 | G41: 3300 | H41: =+E41*G41 -> 3183383.5 | I41: =+P45+M268+M295+M296+M297+M298-3300 -> 42075.35 | K41: =+E41*I41 -> 40588477 | L41: =+E41*J41 -> 0 | P41: =+G41+I41-J41+M41 -> 45375.35 | Q41: =+E41 -> 964.66165 | R41: =+P41*Q41 -> 43771860 | V41: =+Q41*U41 -> 0 | Y41: =+Q41*X41 -> 0 | AH41: =+R41*1.33 -> 58216574 | AJ41: 0.7 | AK41: 1.2 | AL41: =+P41*AJ41*AK41 -> 38115.294 | AO41: =+R41*1.33 -> 58216574
A42: 3 | B42: OBRAS DE URBANISMO | F42: =+F43+F47+F51+F54+F59 -> 8.8878061e+09 | H42: =+H43+H47+H51+H54+H59 -> 8.8878061e+09 | K42: =+K43+K47+K51+K54+K59 -> 3.0244177e+08 | L42: =+L43+L47+L51+L54+L59 -> 8.6813572e+09 | R42: =+R43+R47+R51+R54+R59 -> 5.0889071e+08 | V42: =+Q42*U42 -> 0 | Y42: =+Q42*X42 -> 0 | AH42: =+R42*1.33 -> 6.7682464e+08 | AJ42: 0.7 | AK42: 1.2 | AL42: =+P42*AJ42*AK42 -> 0
A43: 3.1 | B43: URBANISMO (PISOS, ACABADOS Y CONCRETOS) | F43: =SUM(F44:F45) -> 5.5339283e+09 | H43: =SUM(H44:H46) -> 5.5339283e+09 | K43: =SUM(K44:K46) -> 3.0244177e+08 | L43: =SUM(L44:L46) -> 5.4099895e+09 | R43: =SUM(R44:R46) -> 4.2638053e+08 | V43: =+Q43*U43 -> 0 | Y43: =+Q43*X43 -> 0 | AH43: =+R43*1.33 -> 5.670861e+08 | AJ43: 0.7 | AK43: 1 | AL43: =+P43*AJ43*AK43 -> 0 | AN43: =+AI43+586.4 -> 586.4
A44: 3.1.1 | B44: SUMINISTRO E INSTALACION DE PISO EN LOSETA EN CEMENTO DE 20 X 20 CM A COLOR ;(INCLUYE CAPA DE ARENA 4 CM) | C44: M2 | D44: 37718.596 | E44: 134946.62 | F44: =+D44*E44 -> 5.0899969e+09 | G44: 37718.596 | H44: =+E44*G44 -> 5.0899969e+09 | J44: 37718.596 | L44: =+E44*J44 -> 5.0899969e+09 | P44: =+G44+I44-J44+M44 -> 0 | Q44: =+E44 -> 134946.62 | R44: =+P44*Q44 -> 0 | V44: =+Q44*U44 -> 0 | Y44: =+Q44*X44 -> 0 | AH44: =+R44*1.33 -> 0 | AJ44: 0.7 | AK44: 1 | AL44: =+P44*AJ44*AK44 -> 0 | AO44: =+R44*1.33 -> 0
A45: 3.1.2 | B45: RAMPAS EN CONCRETO , REFORZADAS CON MALLA ELECTROSOLDADA. CONCRETO 3500PSI | C45: M2 | D45: 2399.99 | E45: 184972.18 | F45: =+D45*E45 -> 4.4393138e+08 | G45: 2399.99 | H45: =+E45*G45 -> 4.4393138e+08 | J45: =+G45-670.04 -> 1729.95 | K45: =+E45*I45 -> 0 | L45: =+E45*J45 -> 3.1999262e+08 | P45: =+G45+I45-J45+M45 -> 670.04 | Q45: =+E45 -> 184972.18 | R45: =+P45*Q45 -> 1.2393876e+08 | V45: =+Q45*U45 -> 0 | Y45: =+Q45*X45 -> 0 | AH45: =+R45*1.33 -> 1.6483855e+08 | AL45: =SUM(AL38:AL44) -> 131827.74 | AO45: =+R45*1.33 -> 1.6483855e+08
A46: 3.2.2 | B46: ACERO DE REFUERZO FY 4200 KG/CM2. INCLUYE SUMINISTRO, TRANSPORTE, FIGURADO, ARMADO, COLOCACIÓN Y AMARRE. | C46: KG | D46: 0 | E46: 9391.7293 | F46: =+D46*E46 -> 0 | H46: =+E46*G46 -> 0 | I46: 32202.99 | K46: =+E46*I46 -> 3.0244177e+08 | L46: =+E46*J46 -> 0 | P46: =+G46+I46-J46+M46 -> 32202.99 | Q46: =+E46 -> 9391.7293 | R46: =+P46*Q46 -> 3.0244177e+08 | T46: 32202.99
A47: 3.2 | B47: MUROS DE CONTENCION | F47: =SUM(F48:F50) -> 6.1619436e+08 | H47: =SUM(H48:H50) -> 6.1619436e+08 | K47: =SUM(K48:K50) -> 0 | L47: =SUM(L48:L50) -> 6.1043387e+08 | R47: =SUM(R48:R50) -> 5760493.7 | V47: =+Q47*U47 -> 0 | Y47: =+Q47*X47 -> 0 | AH47: =+R47*1.33 -> 7661456.6
A48: 3.2.1 | B48: MURO DE CONTENCIÓN EN CONCRETO DE 3000 PSI (210 KG/CM2), MEZCLA EN OBRA. (INCLUYE FORMALETA Y FUNDIDA MANUAL. NO INCLUYE ACERO DE REFUERZO NI CURADO). | C48: M3 | D48: 444.3684 | E48: 1113406 | F48: =+D48*E48 -> 4.9476245e+08 | G48: 444.3684 | H48: =+E48*G48 -> 4.9476245e+08 | J48: 444.3684 | K48: =+E48*I48 -> 0 | L48: =+E48*J48 -> 4.9476245e+08 | P48: =+G48+I48-J48+M48 -> 0 | Q48: =+E48 -> 1113406 | R48: =+P48*Q48 -> 0 | V48: =+Q48*U48 -> 0 | Y48: =+Q48*X48 -> 0 | AH48: =+R48*1.33 -> 0 | AO48: =+R48*1.33 -> 0
A49: 3.2.2 | B49: ACERO DE REFUERZO FY 4200 KG/CM2. INCLUYE SUMINISTRO, TRANSPORTE, FIGURADO, ARMADO, COLOCACIÓN Y AMARRE. | C49: KG | D49: 10791.804 | E49: 9391.7293 | F49: =+D49*E49 -> 1.013537e+08 | G49: 10791.804 | H49: =+E49*G49 -> 1.013537e+08 | J49: 10791.804 | K49: =+E49*I49 -> 0 | L49: =+E49*J49 -> 1.013537e+08 | P49: =+G49+I49-J49+M49 -> 0 | Q49: =+E49 -> 9391.7293 | R49: =+P49*Q49 -> 0 | V49: =+Q49*U49 -> 0 | Y49: =+Q49*X49 -> 0 | AH49: =+R49*1.33 -> 0 | AO49: =+R49*1.33 -> 0
A50: 3.2.3 | B50: EMPEDRADO CON MORTERO 1:4 E=0.15 M. | C50: M2 | D50: 252.42 | E50: 79542.857 | F50: =+D50*E50 -> 20078208 | G50: 252.42 | H50: =+E50*G50 -> 20078208 | J50: 180 | K50: =+E50*I50 -> 0 | L50: =+E50*J50 -> 14317714 | P50: =+G50+I50-J50+M50 -> 72.42 | Q50: =+E50 -> 79542.857 | R50: =+P50*Q50 -> 5760493.7 | V50: =+Q50*U50 -> 0 | Y50: =+Q50*X50 -> 0 | AH50: =+R50*1.33 -> 7661456.6 | AO50: =+R50*1.33 -> 7661456.6
A51: 3.3 | B51: VIGAS Y BORDILLOS | F51: =SUM(F52:F53) -> 2.2995995e+09 | H51: =SUM(H52:H53) -> 2.2995995e+09 | K51: =SUM(K52:K53) -> 0 | L51: =SUM(L52:L53) -> 2.2995995e+09 | R51: =SUM(R52:R53) -> 0 | V51: =+Q51*U51 -> 0 | Y51: =+Q51*X51 -> 0 | AH51: =+R51*1.33 -> 0
A52: 3.3.1 | B52: BORDILLOS DE .20X.50, CONCRETO 3.000 PSI - INCL.EXCAVACION Y REFUERZO EN ACERO. | C52: ML | D52: 16075.82 | E52: 114912.78 | F52: =+D52*E52 -> 1.8473172e+09 | G52: 16075.82 | H52: =+E52*G52 -> 1.8473172e+09 | J52: 16075.82 | K52: =+E52*I52 -> 0 | L52: =+E52*J52 -> 1.8473172e+09 | P52: =+G52+I52-J52+M52 -> 0 | Q52: =+E52 -> 114912.78 | R52: =+P52*Q52 -> 0 | V52: =+Q52*U52 -> 0 | Y52: =+Q52*X52 -> 0 | AH52: =+R52*1.33 -> 0 | AO52: =+R52*1.33 -> 0
A53: 3.3.2 | B53: BORDILLOS DE .15X.50, CONCRETO 3.000 PSI - INCL.EXCAVACION Y REFUERZO EN ACERO. | C53: ML | D53: 4447.22 | E53: 101700 | F53: =+D53*E53 -> 4.5228227e+08 | G53: 4447.22 | H53: =+E53*G53 -> 4.5228227e+08 | J53: 4447.22 | K53: =+E53*I53 -> 0 | L53: =+E53*J53 -> 4.5228227e+08 | P53: =+G53+I53-J53+M53 -> 0 | Q53: =+E53 -> 101700 | R53: =+P53*Q53 -> 0 | V53: =+Q53*U53 -> 0 | Y53: =+Q53*X53 -> 0 | AH53: =+R53*1.33 -> 0 | AO53: =+R53*1.33 -> 0
A54: 3.4 | B54: CICLORUTA | F54: =SUM(F55:F58) -> 3.6618748e+08 | H54: =SUM(H55:H58) -> 3.6618748e+08 | K54: =SUM(K55:K58) -> 0 | L54: =SUM(L55:L58) -> 3.613343e+08 | R54: =SUM(R55:R58) -> 4853172.9 | T54: =+T3-T19 -> -1.284e+10 | V54: =+Q54*U54 -> 0 | Y54: =+Q54*X54 -> 0 | AH54: =+R54*1.33 -> 6454720
A55: 3.4.1 | B55: RIEGO DE IMPRIMACION CON EMULSION ASFALTICA CRL-0 (SUMINISTRO, BARRIDO DE SUPERFICIE Y RIEGO). | C55: M2 | D55: 4318.6 | E55: 2637.594 | F55: =+D55*E55 -> 11390713 | G55: 4318.6 | H55: =+E55*G55 -> 11390713 | J55: =+G55-1840 -> 2478.6 | K55: =+E55*I55 -> 0 | L55: =+E55*J55 -> 6537540.5 | P55: =+G55+I55-J55+M55 -> 1840 | Q55: =+E55 -> 2637.594 | R55: =+P55*Q55 -> 4853172.9 | U55: 989 | V55: =+Q55*U55 -> 2608580.5 | X55: 989 | Y55: =+Q55*X55 -> 2608580.5 | AH55: =+R55*1.33 -> 6454720 | AO55: =+R55*1.33 -> 6454720
A56: 3.4.2 | B56: MEZCLA ASFALTICA TIPO MDC-19 (SUMINISTRO, EXTENDIDO, NIVELACIÓN Y COMPACTACIÓN). | C56: M3 | D56: 345.488 | E56: 967287.22 | F56: =+D56*E56 -> 3.3418613e+08 | G56: 345.488 | H56: =+E56*G56 -> 3.3418613e+08 | J56: 345.488 | K56: =+E56*I56 -> 0 | L56: =+E56*J56 -> 3.3418613e+08 | P56: =+G56+I56-J56+M56 -> 0 | Q56: =+E56 -> 967287.22 | R56: =+P56*Q56 -> 0 | V56: =+Q56*U56 -> 0 | Y56: =+Q56*X56 -> 0 | AH56: =+R56*1.33 -> 0 | AO56: =+R56*1.33 -> 0
A57: 3.4.3 | B57: RIEGO DE LIGA CON EMULSION ASFALTICA CRR-1 (SUMINISTRO, BARRIDO SUPERFICIE Y RIEGO). | C57: M2 | D57: 4318.6 | E57: 1773.6842 | F57: =+D57*E57 -> 7659832.6 | G57: 4318.6 | H57: =+E57*G57 -> 7659832.6 | J57: 4318.6 | K57: =+E57*I57 -> 0 | L57: =+E57*J57 -> 7659832.6 | P57: =+G57+I57-J57+M57 -> 0 | Q57: =+E57 -> 1773.6842 | R57: =+P57*Q57 -> 0 | V57: =+Q57*U57 -> 0 | Y57: =+Q57*X57 -> 0 | AH57: =+R57*1.33 -> 0 | AO57: =+R57*1.33 -> 0
A58: 3.4.4 | B58: SELLADO DE JUNTA DE DILATACION CON MORTERO ASFALTICO HECHO EN OBRA. | C58: ML | D58: 3322 | E58: 3898.4962 | F58: =+D58*E58 -> 12950805 | G58: 3322 | H58: =+E58*G58 -> 12950805 | J58: 3322 | K58: =+E58*I58 -> 0 | L58: =+E58*J58 -> 12950805 | P58: =+G58+I58-J58+M58 -> 0 | Q58: =+E58 -> 3898.4962 | R58: =+P58*Q58 -> 0 | V58: =+Q58*U58 -> 0 | Y58: =+Q58*X58 -> 0 | AH58: =+R58*1.33 -> 0 | AO58: =+R58*1.33 -> 0
A59: 3.5 | B59: SEÑALIZACION | F59: =SUM(F60:F62) -> 71896516 | H59: =SUM(H60:H62) -> 71896516 | K59: =SUM(K60:K62) -> 0 | L59: =SUM(L60:L62) -> 0 | R59: =SUM(R60:R62) -> 71896516 | V59: =+Q59*U59 -> 0 | Y59: =+Q59*X59 -> 0 | AH59: =+R59*1.33 -> 95622366
A60: 3.5.1 | B60: SEÑALIZACIÓN VÍAL HORIZONTAL PINTURA TERMOPLASTICA (M2) E=2.3 MM INCLUYE SUMINISTRO, MICROESFERAS Y APLICACIÓN CON EQUIPO. | C60: M2 | D60: 450 | E60: 89272.18 | F60: =+D60*E60 -> 40172481 | G60: 450 | H60: =+E60*G60 -> 40172481 | K60: =+E60*I60 -> 0 | L60: =+E60*J60 -> 0 | P60: =+G60+I60-J60+M60 -> 450 | Q60: =+E60 -> 89272.18 | R60: =+P60*Q60 -> 40172481 | V60: =+Q60*U60 -> 0 | Y60: =+Q60*X60 -> 0 | AH60: =+R60*1.33 -> 53429400 | AO60: =+R60*1.33 -> 53429400
A61: 3.5.2 | B61: LINEA DE DEMARCACIÓN VÍAL CON PINTURA ACRILICA EN FRÍO (ML) E=0.12 M. INCLUYE SUMINISTRO, MICROESFERAS Y APLICACIÓN CON EQUIPO. | C61: ML | D61: 4902 | E61: 4265.4135 | F61: =+D61*E61 -> 20909057 | G61: 4902 | H61: =+E61*G61 -> 20909057 | K61: =+E61*I61 -> 0 | L61: =+E61*J61 -> 0 | P61: =+G61+I61-J61+M61 -> 4902 | Q61: =+E61 -> 4265.4135 | R61: =+P61*Q61 -> 20909057 | V61: =+Q61*U61 -> 0 | Y61: =+Q61*X61 -> 0 | AH61: =+R61*1.33 -> 27809046 | AO61: =+R61*1.33 -> 27809046
A62: 3.5.3 | B62: SEÑAL VERTICAL INFORMATIVA TURISTICA (SI) CUADRADO DE 60 X 60 CM CON PARAL EN ANGULO 2"X2" DE 1/4" SUMINISTRO E INSTALACIÓN. | C62: UND | D62: 30 | E62: 360499.25 | F62: =+D62*E62 -> 10814977 | G62: 30 | H62: =+E62*G62 -> 10814977 | K62: =+E62*I62 -> 0 | L62: =+E62*J62 -> 0 | P62: =+G62+I62-J62+M62 -> 30 | Q62: =+E62 -> 360499.25 | R62: =+P62*Q62 -> 10814977 | V62: =+Q62*U62 -> 0 | Y62: =+Q62*X62 -> 0 | AH62: =+R62*1.33 -> 14383920 | AO62: =+R62*1.33 -> 14383920
A63: 4 | B63: ZONA DEPORTIVA | F63: =+F64+F73+F86 -> 2.6722952e+09 | H63: =+H64+H73+H86 -> 2.6722952e+09 | K63: =+K64+K73+K86 -> 3.4723654e+08 | L63: =+L64+L73+L86 -> 1.3543159e+09 | R63: =+R64+R73+R86 -> 1.6652158e+09 | V63: =+Q63*U63 -> 0 | Y63: =+Q63*X63 -> 0 | AH63: =+R63*1.33 -> 2.214737e+09
A64: 4.1 | B64: VOLEIBOL PLAYA - AREA = 468(M2) SON (2) UNIDADES | E64: 0 | F64: =SUM(F65:F72) -> 2.1830653e+08 | H64: =SUM(H65:H72) -> 2.1830653e+08 | K64: =SUM(K65:K72) -> 0 | L64: =SUM(L65:L72) -> 1.5479714e+08 | R64: =SUM(R65:R72) -> 63509397 | V64: =+Q64*U64 -> 0 | Y64: =+Q64*X64 -> 0 | AH64: =+R64*1.33 -> 84467497
A65: 4.1.1 | B65: SUMINISTRO E INSTALACION DE BANDAS, MARCO GALV. CON RECUBRIMIENTO ABSORBE CHOQUE Y RED | C65: UND | D65: 2 | E65: 10357920 | F65: =+D65*E65 -> 20715841 | G65: 2 | H65: =+E65*G65 -> 20715841 | K65: =+E65*I65 -> 0 | L65: =+E65*J65 -> 0 | P65: =+G65+I65-J65+M65 -> 2 | Q65: =+E65 -> 10357920 | R65: =+P65*Q65 -> 20715841 | V65: =+Q65*U65 -> 0 | Y65: =+Q65*X65 -> 0 | AH65: =+R65*1.33 -> 27552068 | AO65: =+R65*1.33 -> 27552068
A66: 4.1.2 | B66: CONCRETO CORRIENTE 3500 PSI. MEZCLA EN OBRA: ARENA LAVADA DE RÍO, TRITURADO 3/4". | C66: M3 | D66: 0.256 | E66: 608869.17 | F66: =+D66*E66 -> 155870.51 | G66: 0.256 | H66: =+E66*G66 -> 155870.51 | K66: =+E66*I66 -> 0 | L66: =+E66*J66 -> 0 | P66: =+G66+I66-J66+M66 -> 0.256 | Q66: =+E66 -> 608869.17 | R66: =+P66*Q66 -> 155870.51 | V66: =+Q66*U66 -> 0 | Y66: =+Q66*X66 -> 0 | AH66: =+R66*1.33 -> 207307.78 | AO66: =+R66*1.33 -> 207307.78
A67: 4.1.3 | B67: BASE GRANULAR, INCL. SUMINISTRO Y COMPACTACION | C67: M3 | D67: 187.2 | E67: 183145.11 | F67: =+D67*E67 -> 34284765 | G67: 187.2 | H67: =+E67*G67 -> 34284765 | K67: =+E67*I67 -> 0 | L67: =+E67*J67 -> 0 | P67: =+G67+I67-J67+M67 -> 187.2 | Q67: =+E67 -> 183145.11 | R67: =+P67*Q67 -> 34284765 | V67: =+Q67*U67 -> 0 | Y67: =+Q67*X67 -> 0 | AH67: =+R67*1.33 -> 45598738 | AO67: =+R67*1.33 -> 45598738
A68: 4.1.4 | B68: BORDILLO PREFABRICADO EN CONCRETO 0.15X0.40X1.00 M (SUMINISTRO E INSTALACIÓN. INCLUYE SELLADO DE JUNTA EN MORTERO 1:4 Y SOLADO EN CONCRETO 2000 PSI E=0.05 M). | C68: ML | D68: 124 | E68: 86546.617 | F68: =+D68*E68 -> 10731780 | G68: 124 | H68: =+E68*G68 -> 10731780 | J68: 124 | K68: =+E68*I68 -> 0 | L68: =+E68*J68 -> 10731780 | P68: =+G68+I68-J68+M68 -> 0 | Q68: =+E68 -> 86546.617 | R68: =+P68*Q68 -> 0 | V68: =+Q68*U68 -> 0 | Y68: =+Q68*X68 -> 0 | AH68: =+R68*1.33 -> 0 | AO68: =+R68*1.33 -> 0
A69: 4.1.5 | B69: GEOTEXTIL PARA SEPARACIÓN DE SUELOS DE SUBRASANTE Y CAPAS GRANULARES | C69: M2 | D69: 936 | E69: 8924.0602 | F69: =+D69*E69 -> 8352920.3 | G69: 936 | H69: =+E69*G69 -> 8352920.3 | K69: =+E69*I69 -> 0 | L69: =+E69*J69 -> 0 | P69: =+G69+I69-J69+M69 -> 936 | Q69: =+E69 -> 8924.0602 | R69: =+P69*Q69 -> 8352920.3 | V69: =+Q69*U69 -> 0 | Y69: =+Q69*X69 -> 0 | AH69: =+R69*1.33 -> 11109384 | AO69: =+R69*1.33 -> 11109384
A70: 4.1.6 | B70: ARENA DE TRIMAN ESPESOR = 0.40M | C70: M3 | D70: 374.4 | E70: 213812.78 | F70: =+D70*E70 -> 80051506 | G70: 374.4 | H70: =+E70*G70 -> 80051506 | J70: 374.4 | K70: =+E70*I70 -> 0 | L70: =+E70*J70 -> 80051506 | P70: =+G70+I70-J70+M70 -> 5.6843419e-14 | Q70: =+E70 -> 213812.78 | R70: =+P70*Q70 -> 1.215385e-08 | V70: =+Q70*U70 -> 0 | Y70: =+Q70*X70 -> 0 | AH70: =+R70*1.33 -> 1.616462e-08 | AO70: =+R70*1.33 -> 1.616462e-08
A71: 4.1.7 | B71: CÁRCAMO PERIMETRAL PARA DRENAJES DE ALL 0.4M X 0.45M | C71: ML | D71: 180 | E71: 288749.62 | F71: =+D71*E71 -> 51974932 | G71: 180 | H71: =+E71*G71 -> 51974932 | J71: 180 | K71: =+E71*I71 -> 0 | L71: =+E71*J71 -> 51974932 | P71: =+G71+I71-J71+M71 -> 0 | Q71: =+E71 -> 288749.62 | R71: =+P71*Q71 -> 0 | V71: =+Q71*U71 -> 0 | Y71: =+Q71*X71 -> 0 | AH71: =+R71*1.33 -> 0 | AO71: =+R71*1.33 -> 0
A72: 4.1.8 | B72: GRADERIAS PREFABRICADAS EN CONCRETO. INCLUYE PLACA EN CONCRETO ESMALTADO DE E= 0.12 H=0.60 M. | C72: ML | D72: 57.6 | E72: 209009.02 | F72: =+D72*E72 -> 12038920 | G72: 57.6 | H72: =+E72*G72 -> 12038920 | J72: 57.6 | K72: =+E72*I72 -> 0 | L72: =+E72*J72 -> 12038920 | P72: =+G72+I72-J72+M72 -> 0 | Q72: =+E72 -> 209009.02 | R72: =+P72*Q72 -> 0 | V72: =+Q72*U72 -> 0 | Y72: =+Q72*X72 -> 0 | AH72: =+R72*1.33 -> 0 | AO72: =+R72*1.33 -> 0
A73: 4.2 | B73: CANCHA FUTBOL 8 - AREA = 1,686(M2) | F73: =SUM(F74:F85) -> 1.1086373e+09 | H73: =SUM(H74:H85) -> 1.1086373e+09 | K73: =SUM(K74:K85) -> 1.5912619e+08 | L73: =SUM(L74:L85) -> 4.076488e+08 | R73: =SUM(R74:R85) -> 8.6011467e+08 | V73: =+Q73*U73 -> 0 | Y73: =+Q73*X73 -> 0 | AH73: =+R73*1.33 -> 1.1439525e+09
A74: 4.2.1 | B74: JUEGO DE MARCO PARA FUTBOL. ESTRUCTURA METÁLICA EN TUBERÍA GALVANIZADA SCHEDULE 40 DE 2-1/2" Y 3". PINTURA ELECTROSESTÁTICA AL HORNO. INCLUYE MALLAS PORTERIA, TRANSPORTE E INSTALACIÓN. | C74: UND | D74: 1 | E74: 16492703 | F74: =+D74*E74 -> 16492703 | G74: 1 | H74: =+E74*G74 -> 16492703 | I74: 1 | K74: =+E74*I74 -> 16492703 | L74: =+E74*J74 -> 0 | P74: =+G74+I74-J74+M74 -> 2 | Q74: =+E74 -> 16492703 | R74: =+P74*Q74 -> 32985406 | U74: 1 | V74: =+Q74*U74 -> 16492703 | X74: 1 | Y74: =+Q74*X74 -> 16492703 | AH74: =+R74*1.33 -> 43870590 | AO74: =+R74*1.33 -> 43870590
A75: 4.2.2 | B75: VIGA CIMENTACION EN CONCRETO 3000 PSI MEZCLA EN OBRA (INCLUYE FORMALETA Y FUNDIDA MANUAL. NO INCLUYE ACERO DE REFUERZO NI CURADO). | C75: M3 | D75: 8.1 | E75: 966251.88 | F75: =+D75*E75 -> 7826640.2 | G75: 8.1 | H75: =+E75*G75 -> 7826640.2 | K75: =+E75*I75 -> 0 | L75: =+E75*J75 -> 0 | P75: =+G75+I75-J75+M75 -> 8.1 | Q75: =+E75 -> 966251.88 | R75: =+P75*Q75 -> 7826640.2 | V75: =+Q75*U75 -> 0 | Y75: =+Q75*X75 -> 0 | AH75: =+R75*1.33 -> 10409432 | AO75: =+R75*1.33 -> 10409432
A76: 4.2.3 | B76: VIGA SOBRE MURO SECCION 12X25 CM EN CONCRETO 3000 PSI MEZCLA EN OBRA. (INCLUYE FORMALETA Y FUNDIDA MANUAL. NO INCLUYE ACERO DE REFUERZO NI CURADO). | C76: ML | D76: 180 | E76: 80827.82 | F76: =+D76*E76 -> 14549008 | G76: 180 | H76: =+E76*G76 -> 14549008 | I76: =20*9 -> 180 | K76: =+E76*I76 -> 14549008 | L76: =+E76*J76 -> 0 | P76: =+G76+I76-J76+M76 -> 360 | Q76: =+E76 -> 80827.82 | R76: =+P76*Q76 -> 29098015 | V76: =+Q76*U76 -> 0 | Y76: =+Q76*X76 -> 0 | AH76: =+R76*1.33 -> 38700360 | AO76: =+R76*1.33 -> 38700360
A77: 4.2.4 | B77: MURO BLOQUE SPLIT (ABUSARDADO) 40X20X15 CM MORTERO 1:4. | C77: M2 | D77: 79.2 | E77: 114749.62 | F77: =+D77*E77 -> 9088170.2 | G77: 79.2 | H77: =+E77*G77 -> 9088170.2 | I77: =64.6*7 -> 452.2 | K77: =+E77*I77 -> 51889780 | L77: =+E77*J77 -> 0 | P77: =+G77+I77-J77+M77 -> 531.4 | Q77: =+E77 -> 114749.62 | R77: =+P77*Q77 -> 60977950 | V77: =+Q77*U77 -> 0 | Y77: =+Q77*X77 -> 0 | AH77: =+R77*1.33 -> 81100674 | AO77: =+R77*1.33 -> 81100674
A78: 4.2.5 | B78: ACERO DE REFUERZO FY 4200 KG/CM2. INCLUYE SUMINISTRO, TRANSPORTE, FIGURADO, ARMADO, COLOCACIÓN Y AMARRE. | C78: KG | D78: 7917.12 | E78: 9391.7293 | F78: =+D78*E78 -> 74355448 | G78: 7917.12 | H78: =+E78*G78 -> 74355448 | K78: =+E78*I78 -> 0 | L78: =+E78*J78 -> 0 | P78: =+G78+I78-J78+M78 -> 7917.12 | Q78: =+E78 -> 9391.7293 | R78: =+P78*Q78 -> 74355448 | U78: 6317.85 | V78: =+Q78*U78 -> 59335537 | Y78: =+Q78*X78 -> 0 | AH78: =+R78*1.33 -> 98892746 | AO78: =+R78*1.33 -> 98892746
A79: 4.2.6 | B79: BASE GRANULAR, INCL. SUMINISTRO Y COMPACTACION | C79: M3 | D79: 750.8 | E79: 183145.11 | F79: =+D79*E79 -> 1.3750535e+08 | G79: 750.8 | H79: =+E79*G79 -> 1.3750535e+08 | I79: 168.88 | K79: =+E79*I79 -> 30929547 | L79: =+E79*J79 -> 0 | P79: =+G79+I79-J79+M79 -> 919.68 | Q79: =+E79 -> 183145.11 | R79: =+P79*Q79 -> 1.684349e+08 | U79: 197.8 | V79: =+Q79*U79 -> 36226103 | Y79: =+Q79*X79 -> 0 | AH79: =+R79*1.33 -> 2.2401841e+08 | AO79: =+R79*1.33 -> 2.2401841e+08
A80: 4.2.7 | B80: SUBBASE GRANULAR TIPO INVIAS. SUMINISTRO, EXTENDIDO, HUMEDECIMIENTO Y COMPACTACIÓN CON RODILLO VIBROCOMPACTADOR 15 TON). | C80: M3 | D80: 750.8 | E80: 167030.08 | F80: =+D80*E80 -> 1.2540618e+08 | G80: 750.8 | H80: =+E80*G80 -> 1.2540618e+08 | I80: 271 | K80: =+E80*I80 -> 45265150 | L80: =+E80*J80 -> 0 | P80: =+G80+I80-J80+M80 -> 1021.8 | Q80: =+E80 -> 167030.08 | R80: =+P80*Q80 -> 1.7067133e+08 | V80: =+Q80*U80 -> 0 | Y80: =+Q80*X80 -> 0 | AH80: =+R80*1.33 -> 2.2699287e+08 | AO80: =+R80*1.33 -> 2.2699287e+08
A81: 4.2.8 | B81: CÁRCAMO PERIMETRAL PARA DRENAJES DE ALL 0.4M X 0.45M | C81: ML | D81: 360 | E81: 288749.62 | F81: =+D81*E81 -> 1.0394986e+08 | G81: 360 | H81: =+E81*G81 -> 1.0394986e+08 | K81: =+E81*I81 -> 0 | L81: =+E81*J81 -> 0 | P81: =+G81+I81-J81+M81 -> 360 | Q81: =+E81 -> 288749.62 | R81: =+P81*Q81 -> 1.0394986e+08 | U81: 30 | V81: =+Q81*U81 -> 8662488.7 | Y81: =+Q81*X81 -> 0 | AH81: =+R81*1.33 -> 138253320 | AO81: =+R81*1.33 -> 138253320
A82: 4.2.9 | B82: CERRAMIENTO PARA ESCENARIO DEPORTIVO EN MALLA ESLABONADA TIPO CICLON. MALLA GALVANIZADA RECUBRIMIENTO EN PVC HUECO 2" X 2" CAL. 10 POSTES DE LÍNEA TUBERÍA GALVANIZADA 2" Y PIÉ DE AMIGO EN ANGULO GALVANIZADO. SUMINISTRO, TRANSPORTE E INSTALACIÓN. | C82: M2 | D82: 1620 | E82: 127027.82 | F82: =+D82*E82 -> 2.0578507e+08 | G82: 1620 | H82: =+E82*G82 -> 2.0578507e+08 | J82: 1620 | K82: =+E82*I82 -> 0 | L82: =+E82*J82 -> 2.0578507e+08 | P82: =+G82+I82-J82+M82 -> 0 | Q82: =+E82 -> 127027.82 | R82: =+P82*Q82 -> 0 | V82: =+Q82*U82 -> 0 | Y82: =+Q82*X82 -> 0 | AH82: =+R82*1.33 -> 0 | AO82: =+R82*1.33 -> 0
A83: 4.2.10 | B83: BORDILLO PREFABRICADO EN CONCRETO 0.15X0.40X1.00 M (SUMINISTRO E INSTALACIÓN. INCLUYE SELLADO DE JUNTA EN MORTERO 1:4 Y SOLADO EN CONCRETO 2000 PSI E=0.05 M). | C83: ML | D83: 360 | E83: 86546.617 | F83: =+D83*E83 -> 31156782 | G83: 360 | H83: =+E83*G83 -> 31156782 | J83: 360 | K83: =+E83*I83 -> 0 | L83: =+E83*J83 -> 31156782 | P83: =+G83+I83-J83+M83 -> 0 | Q83: =+E83 -> 86546.617 | R83: =+P83*Q83 -> 0 | V83: =+Q83*U83 -> 0 | Y83: =+Q83*X83 -> 0 | AH83: =+R83*1.33 -> 0 | AO83: =+R83*1.33 -> 0
A84: 4.2.11 | B84: GRADERIAS PREFABRICADAS EN CONCRETO. INCLUYE PLACA EN CONCRETO ESMALTADO DE E= 0.12 H=0.60 M. | C84: ML | D84: 80 | E84: 209009.02 | F84: =+D84*E84 -> 16720722 | G84: 80 | H84: =+E84*G84 -> 16720722 | J84: 80 | K84: =+E84*I84 -> 0 | L84: =+E84*J84 -> 16720722 | P84: =+G84+I84-J84+M84 -> 0 | Q84: =+E84 -> 209009.02 | R84: =+P84*Q84 -> 0 | V84: =+Q84*U84 -> 0 | Y84: =+Q84*X84 -> 0 | AH84: =+R84*1.33 -> 0 | AO84: =+R84*1.33 -> 0
A85: 4.2.12 | B85: SUMINISTRO E INSTALACION DE GRAMA SINTETICA MONOFILAMENTO (INCLUYE SUMINISTRO DE GRAMA SINTETICA,PEGANTE, ARENA DE TRIMAN ( COLMA )ESPESOR = 0.05M C= 8KG/M2, TRITURADO DE CAUCHO 10 KG/M2, DEMARCACION, TRANSPORTE, Y DEMAS ELEMENTOS DE INSTALACIÓN, ACCESORIOS Y TODO LO DEMÁS NECESARIO PARA SU CORRECTA EJECUCIÓN INSTALACION Y FUNCIONAMIENTO) | C85: M2 | D85: 1904 | E85: 192122.56 | F85: =+D85*E85 -> 3.6580135e+08 | G85: 1904 | H85: =+E85*G85 -> 3.6580135e+08 | J85: 801.5 | K85: =+E85*I85 -> 0 | L85: =+E85*J85 -> 1.5398623e+08 | P85: =+G85+I85-J85+M85 -> 1102.5 | Q85: =+E85 -> 192122.56 | R85: =+P85*Q85 -> 2.1181512e+08 | U85: =24*44 -> 1056 | V85: =+Q85*U85 -> 2.0288142e+08 | X85: =24*44 -> 1056 | Y85: =+Q85*X85 -> 2.0288142e+08 | AH85: =+R85*1.33 -> 2.8171411e+08 | AO85: =+R85*1.33 -> 2.8171411e+08
A86: 4.3 | B86: PARQUES INFANTILES Y GYM VITAL | E86: 0 | F86: =SUM(F87:F97) -> 1.3453513e+09 | H86: =SUM(H87:H97) -> 1.3453513e+09 | K86: =SUM(K87:K97) -> 1.8811036e+08 | L86: =SUM(L87:L97) -> 7.9186995e+08 | R86: =SUM(R87:R97) -> 7.4159174e+08 | V86: =+Q86*U86 -> 0 | Y86: =+Q86*X86 -> 0 | AH86: =+R86*1.33 -> 9.8631702e+08
A87: 4.3.1 | B87: JUEGO SALTARIN RESORTADO (VARIOS DISEÑOS) NIÑOS MENORES DE 6 AÑOS. TIPO ANTIVANDALICO, RESORTE DE ACERO GALVANIZADO PINTURA ELECTROESTÁTICA SELLADA AL HORNO. SUMINISTRO, TRANSPORTE E INSTALACIÓN. | C87: UND | D87: 5 | E87: 14951378 | F87: =+D87*E87 -> 74756891 | G87: 5 | H87: =+E87*G87 -> 74756891 | J87: 5 | K87: =+E87*I87 -> 0 | L87: =+E87*J87 -> 74756891 | P87: =+G87+I87-J87+M87 -> 0 | Q87: =+E87 -> 14951378 | R87: =+P87*Q87 -> 0 | V87: =+Q87*U87 -> 0 | Y87: =+Q87*X87 -> 0 | AH87: =+R87*1.33 -> 0 | AO87: =+R87*1.33 -> 0
A88: 4.3.2 | B88: JUEGO DOMO ESCALADOR, ESTRUCTURA METÁLICA EN TUBERÍA GALVANIZADA, PINTURA ELECTROESTÁTICA SELLADA AL HORNO. SUMINISTRO, TRANSPORTE E INSTALACIÓN. | C88: UND | D88: 2 | E88: 1.1165149e+08 | F88: =+D88*E88 -> 2.2330298e+08 | G88: 2 | H88: =+E88*G88 -> 2.2330298e+08 | J88: 2 | K88: =+E88*I88 -> 0 | L88: =+E88*J88 -> 2.2330298e+08 | P88: =+G88+I88-J88+M88 -> 0 | Q88: =+E88 -> 1.1165149e+08 | R88: =+P88*Q88 -> 0 | S88: =+R88*1.33 -> 0 | V88: =+Q88*U88 -> 0 | Y88: =+Q88*X88 -> 0 | AH88: =+R88*1.33 -> 0 | AO88: =+R88*1.33 -> 0
A89: 4.3.3 | B89: PARQUE INFANTIL 7 ACTIVIDADES AREA 35M2 CAPACIDAD 15 NIÑOS.TECHOS, DESLIZADEROS, TÚNELES EN FIBRA DE VIDRIO, TUBERÍA GALVANIZADA PARA LOS ACCESORIOS METÁLICOS (TUBO DE BOMBERO, PASAMANOS, ESCALERAS), TORNILLERÍA, ARANDELAS, TUERCAS GALVANIZADAS, COLUMPIOS EN HULE DE CAUCHO CON CADENAS GALVANIZADAS PINTADAS CON PINTURA ELECTROSTÁTICA Y TAPONES DE SEGURIDAD. SUMINISTRO, TRANSPORTE E INSTALACIÓN. | C89: UND | D89: 1 | E89: 1.4634697e+08 | F89: =+D89*E89 -> 1.4634697e+08 | G89: 1 | H89: =+E89*G89 -> 1.4634697e+08 | J89: 1 | K89: =+E89*I89 -> 0 | L89: =+E89*J89 -> 1.4634697e+08 | P89: =+G89+I89-J89+M89 -> 0 | Q89: =+E89 -> 1.4634697e+08 | R89: =+P89*Q89 -> 0 | V89: =+Q89*U89 -> 0 | Y89: =+Q89*X89 -> 0 | AH89: =+R89*1.33 -> 0 | AO89: =+R89*1.33 -> 0
A90: 4.3.4 | B90: PARQUE INFANTIL METÁLICO. 9 ACTIVIDADES AREA 54M2 CAPACIDAD 25 NIÑOS. ESTRUCTURA METÁLICA EN TUBERÍA GALVANIZADA DE, PINTURA ELECTROSTÁTICA AL HORNO, ALTA RESISTENCIA A LA INTEMPERIE. TECHOS, RESBALADEROS Y TÚNELES DE FIBRA DE VIDRIO. ACCESORIOS GALVANIZADOS (TUERCAS, TORNILLOS, ARANDELAS, CADENAS, ETC), SILLA DE COLUMPIOS PLÁSTICOS RESISTENTES, CON CADENAS GALVANIZADAS. SUMINISTRO, TRANSPORTE E INSTALACIÓN. | C90: UND | D90: 1 | E90: 2.5057958e+08 | F90: =+D90*E90 -> 2.5057958e+08 | G90: 1 | H90: =+E90*G90 -> 2.5057958e+08 | J90: 1 | K90: =+E90*I90 -> 0 | L90: =+E90*J90 -> 2.5057958e+08 | P90: =+G90+I90-J90+M90 -> 0 | Q90: =+E90 -> 2.5057958e+08 | R90: =+P90*Q90 -> 0 | V90: =+Q90*U90 -> 0 | Y90: =+Q90*X90 -> 0 | AH90: =+R90*1.33 -> 0 | AO90: =+R90*1.33 -> 0
A91: 4.3.5 | B91: PISO PARA ARENERO INFANTIL E=0.40M. SUMINISTRO, TRANSPORTE E INSTALACIÓN. | C91: M2 | D91: 299.64 | E91: 88089.474 | F91: =+D91*E91 -> 26395130 | G91: 299.64 | H91: =+E91*G91 -> 26395130 | J91: 299.64 | K91: =+E91*I91 -> 0 | L91: =+E91*J91 -> 26395130 | P91: =+G91+I91-J91+M91 -> 0 | Q91: =+E91 -> 88089.474 | R91: =+P91*Q91 -> 0 | V91: =+Q91*U91 -> 0 | Y91: =+Q91*X91 -> 0 | AH91: =+R91*1.33 -> 0 | AO91: =+R91*1.33 -> 0
A92: 4.3.6 | B92: BASE GRANULAR, INCL. SUMINISTRO Y COMPACTACION | C92: M3 | D92: 207.102 | E92: 183145.11 | F92: =+D92*E92 -> 37929719 | G92: 207.102 | H92: =+E92*G92 -> 37929719 | I92: 821 | K92: =+E92*I92 -> 1.5036214e+08 | L92: =+E92*J92 -> 0 | P92: =+G92+I92-J92+M92 -> 1028.102 | Q92: =+E92 -> 183145.11 | R92: =+P92*Q92 -> 1.8829186e+08 | V92: =+Q92*U92 -> 0 | Y92: =+Q92*X92 -> 0 | AH92: =+R92*1.33 -> 2.5042817e+08 | AO92: =+R92*1.33 -> 2.5042817e+08
A93: 4.3.7 | B93: SUBBASE GRANULAR TIPO INVIAS. SUMINISTRO, EXTENDIDO, HUMEDECIMIENTO Y COMPACTACIÓN CON RODILLO VIBROCOMPACTADOR 15 TON). | C93: M3 | D93: 207.102 | E93: 167030.08 | F93: =+D93*E93 -> 34592263 | G93: 207.102 | H93: =+E93*G93 -> 34592263 | K93: =+E93*I93 -> 0 | L93: =+E93*J93 -> 0 | P93: =+G93+I93-J93+M93 -> 207.102 | Q93: =+E93 -> 167030.08 | R93: 34592263 | V93: =+Q93*U93 -> 0 | Y93: =+Q93*X93 -> 0 | AH93: =+R93*1.33 -> 46007709 | AO93: =+R93*1.33 -> 46007709
A94: 4.3.8 | B94: PLANTILLA EN CONCRETO 3.000 PSI-EXP. 0.07 MT. | C94: M2 | D94: 1035.51 | E94: 78284.962 | F94: =+D94*E94 -> 81064861 | G94: 1035.51 | H94: =+E94*G94 -> 81064861 | J94: 51.74 | K94: =+E94*I94 -> 0 | L94: =+E94*J94 -> 4050464 | P94: =+G94+I94-J94+M94 -> 983.77 | Q94: =+E94 -> 78284.962 | R94: =+P94*Q94 -> 77014397 | V94: =+Q94*U94 -> 0 | Y94: =+Q94*X94 -> 0 | AH94: =+R94*1.33 -> 1.0242915e+08 | AO94: =+R94*1.33 -> 1.0242915e+08
A95: 4.3.9 | B95: PISO FLEXIBLE EN CAUCHO SBR RECICLADO PIGMENTADO BICAPA E= 3CMS. NEGRO 2CMS Y COLOR 1CM VACIADO EN SITIO. SUMINISTRO, TRANSPORTE E INSTALACIÓN. | C95: M2 | D95: 879.36 | E95: 361538.35 | F95: =+D95*E95 -> 3.1792236e+08 | G95: 879.36 | H95: =+E95*G95 -> 3.1792236e+08 | I95: =983.77-879.36 -> 104.41 | K95: =+E95*I95 -> 37748219 | L95: =+E95*J95 -> 0 | P95: =+G95+I95-J95+M95 -> 983.77 | Q95: =+E95 -> 361538.35 | R95: =+P95*Q95 -> 3.5567058e+08 | T95: 2280.29 | V95: =+Q95*U95 -> 0 | Y95: =+Q95*X95 -> 0 | AH95: =+R95*1.33 -> 4.7304187e+08 | AO95: =+R95*1.33 -> 4.7304187e+08
A96: 4.3.10 | B96: CERRAMIENTO EN MALLA ESLABONADA FORRADA INCLUYE PISA, TENSOR SUPERIOR, TUBERIA GALVANIZADA DE 2" CADA 3 M Y PIE DE AMIGO ESQUINEROS. | C96: M2 | D96: 300.92 | E96: 220782.71 | F96: =+D96*E96 -> 66437932 | G96: 300.92 | H96: =+E96*G96 -> 66437932 | J96: 300.92 | K96: =+E96*I96 -> 0 | L96: =+E96*J96 -> 66437932 | P96: =+G96+I96-J96+M96 -> 0 | Q96: =+E96 -> 220782.71 | R96: =+P96*Q96 -> 0 | V96: =+Q96*U96 -> 0 | Y96: =+Q96*X96 -> 0 | AH96: =+R96*1.33 -> 0 | AO96: =+R96*1.33 -> 0
A97: 4.3.11 | B97: SUMINISTRO E INSTALACIÓN DE BATERIA DE JUEGOS METALICOS PARA PARQUE BIO-SALUDABLE, CONSTA DE: Equipo de estiramiento de pierna, Caminadora elíptica, Trotadora curvada, Dominadas en barra fija, Equipo para masaje de espalda y cintura, Silla de empuje para personas con discapacidad, Sillas doble de empuje, Bicicleta estática (solo pedales), Equipo simulador de remo, Silla de empuje | C97: UND | D97: 2 | E97: 43011325 | F97: =+D97*E97 -> 86022650 | G97: 2 | H97: =+E97*G97 -> 86022650 | K97: =+E97*I97 -> 0 | L97: =+E97*J97 -> 0 | P97: =+G97+I97-J97+M97 -> 2 | Q97: =+E97 -> 43011325 | R97: =+P97*Q97 -> 86022650 | V97: =+Q97*U97 -> 0 | Y97: =+Q97*X97 -> 0 | AH97: =+R97*1.33 -> 1.1441012e+08 | AO97: =+R97*1.33 -> 1.1441012e+08
A98: 5 | B98: PAISAJISMO | F98: =+F99+F102 -> 2.0881529e+09 | H98: =+H99+H102 -> 1.3871246e+09 | K98: =+K99+K102 -> 9.8465161e+08 | L98: =+L99+L102 -> 8.6522672e+08 | R98: =+R99+R102 -> 1.5065495e+09 | V98: =+Q98*U98 -> 0 | Y98: =+Q98*X98 -> 0 | AH98: =+R98*1.33 -> 2.0037109e+09
A99: 5.1 | B99: ZONAS VERDES | E99: 0 | F99: =SUM(F100:F101) -> 34700647 | H99: =SUM(H100:H101) -> 34700647 | K99: =SUM(K100:K101) -> 0 | L99: =SUM(L100:L101) -> 15726343 | R99: =SUM(R100:R101) -> 18974305 | V99: =+Q99*U99 -> 0 | Y99: =+Q99*X99 -> 0 | AH99: =+R99*1.33 -> 25235825
A100: 5.1.1 | B100: SUMINISTRO E INSTALACION DE PALMERAS EN NUEVO PUNTO DENTRO DEL URBANISMO | C100: UND | D100: 25 | E100: 758972.18 | F100: =+D100*E100 -> 18974305 | G100: 25 | H100: =+E100*G100 -> 18974305 | K100: =+E100*I100 -> 0 | L100: =+E100*J100 -> 0 | P100: =+G100+I100-J100+M100 -> 25 | Q100: =+E100 -> 758972.18 | R100: =+P100*Q100 -> 18974305 | V100: =+Q100*U100 -> 0 | Y100: =+Q100*X100 -> 0 | AH100: =+R100*1.33 -> 25235825 | AO100: =+R100*1.33 -> 25235825
A101: 5.1.2 | B101: SUMINISTRO E INSTALACIÓN DE NUEVAS ESPECIES EN ZONAS VERDES | C101: UND | D101: 114 | E101: 137950.38 | F101: =+D101*E101 -> 15726343 | G101: 114 | H101: =+E101*G101 -> 15726343 | J101: 114 | K101: =+E101*I101 -> 0 | L101: =+E101*J101 -> 15726343 | P101: =+G101+I101-J101+M101 -> 0 | Q101: =+E101 -> 137950.38 | R101: =+P101*Q101 -> 0 | V101: =+Q101*U101 -> 0 | Y101: =+Q101*X101 -> 0 | AH101: =+R101*1.33 -> 0 | AO101: =+R101*1.33 -> 0
A102: 5.2 | B102: MOBILIARIO URBANO | E102: 0 | F102: =SUM(F103:F120) -> 2.0534522e+09 | H102: =SUM(H103:H120) -> 1.352424e+09 | K102: =SUM(K103:K120) -> 9.8465161e+08 | L102: =SUM(L103:L120) -> 8.4950037e+08 | R102: =SUM(R103:R120) -> 1.4875752e+09 | V102: =+Q102*U102 -> 0 | Y102: =+Q102*X102 -> 0 | AH102: =+R102*1.33 -> 1.9784751e+09
A103: 5.2.1 | B103: JUEGO DE MESA Y BANCAS BONGO. INCLUYE GRABADO Y PINTADO EN AJEDREZ | C103: UND | D103: 182 | E103: 2486081.2 | F103: =+D103*E103 -> 4.5246678e+08 | G103: 91 | H103: =+E103*G103 -> 2.2623339e+08 | J103: =+(91-20) -> 71 | K103: =+E103*I103 -> 0 | L103: =+E103*J103 -> 1.7651177e+08 | P103: =+G103+I103-J103+M103 -> 20 | Q103: =+E103 -> 2486081.2 | R103: =+P103*Q103 -> 49721624 | U103: 48 | V103: =+Q103*U103 -> 1.193319e+08 | X103: 48 | Y103: =+Q103*X103 -> 1.193319e+08 | AH103: =+R103*1.33 -> 66129760 | AO103: =+R103*1.33 -> 66129760
A104: 5.2.2 | B104: JUEGO DE MESA COMEDOR BONGO ESPALDAR | C104: UND | D104: 35 | E104: 4839323.3 | F104: =+D104*E104 -> 1.6937632e+08 | G104: 20 | H104: =+E104*G104 -> 96786466 | K104: =+E104*I104 -> 0 | L104: =+E104*J104 -> 0 | P104: =+G104+I104-J104+M104 -> 20 | Q104: =+E104 -> 4839323.3 | R104: =+P104*Q104 -> 96786466 | V104: =+Q104*U104 -> 0 | Y104: =+Q104*X104 -> 0 | AH104: =+R104*1.33 -> 128726000 | AO104: =+R104*1.33 -> 128726000
A105: 5.2.3 | B105: JUEGO DE BANCA BASALTO. INCLUYE GRABADO MARCADO CULTURAL | C105: UND | D105: 8 | E105: 4168679.7 | F105: =+D105*E105 -> 33349438 | G105: 8 | H105: =+E105*G105 -> 33349438 | J105: 8 | K105: =+E105*I105 -> 0 | L105: =+E105*J105 -> 33349438 | P105: =+G105+I105-J105+M105 -> 0 | Q105: =+E105 -> 4168679.7 | R105: =+P105*Q105 -> 0 | V105: =+Q105*U105 -> 0 | Y105: =+Q105*X105 -> 0 | AH105: =+R105*1.33 -> 0 | AO105: =+R105*1.33 -> 0
A106: 5.2.4 | B106: JUEGO DE MESA Y BANCAS. ALEPO BAR. INCLUYE GRABADO Y PINTADO EN SUPERFICIE | C106: UND | D106: 34 | E106: 2631396.2 | F106: =+D106*E106 -> 89467472 | G106: 17 | H106: =+E106*G106 -> 44733736 | J106: 17 | K106: =+E106*I106 -> 0 | L106: =+E106*J106 -> 44733736 | P106: =+G106+I106-J106+M106 -> 0 | Q106: =+E106 -> 2631396.2 | R106: =+P106*Q106 -> 0 | V106: =+Q106*U106 -> 0 | Y106: =+Q106*X106 -> 0 | AH106: =+R106*1.33 -> 0 | AO106: =+R106*1.33 -> 0
...

Sheet Resumen NP
A1: ÍTEM | B1: DESCRIPCIÓN | C1: UNIDAD | D1: CANT. | E1: VR. UNIT | F1: VALOR PARCIAL
A2: 11 | B2: ITEMS NO PREVISTOS | F2: =+F3 -> 1.8563147e+10
A3: 11.1 | B3: ITEMS NO PREVISTOS | F3: =SUM(F4:F28) -> 1.8563147e+10 | G3: 28 | I3: =42+28 -> 70
A4: =+'ZAFIRO V14 ACTA MODI No. 2 '!A268 -> NP-4 | B4: =+'ZAFIRO V14 ACTA MODI No. 2 '!B268 -> SUMINISTRO E INSTALACIÓN DE LOSETA GUIA TACTIL, ALERTA Y LISA 40X40X6 CM A COLOR | C4: =+'ZAFIRO V14 ACTA MODI No. 2 '!C268 -> M2 | D4: =+'ZAFIRO V14 ACTA MODI No. 2 '!P268 -> 14125.74 | E4: =+'ZAFIRO V14 ACTA MODI No. 2 '!Q268 -> 221881 | F4: =+D4*E4 -> 3.1342333e+09
A5: NP-5 | B5: SUMINISTRO E INSTALACIÓN DE BORDILLO PREFABRICADO DE 35X15X80 CM SIN CHAFLAN | C5: ML | D5: =+'ZAFIRO V14 ACTA MODI No. 2 '!P269 -> 5363.33 | E5: =+'ZAFIRO V14 ACTA MODI No. 2 '!Q269 -> 141965 | F5: =+D5*E5 -> 7.6140514e+08 | H5: =F3 -> 1.8563147e+10
A6: NP-6 | B6: SUMINISTRO E INSTALACIÓN DE BORDILLO PREFABRICADO DE 80X20X50 CM CON CHAFLAN | C6: ML | D6: =+'ZAFIRO V14 ACTA MODI No. 2 '!P270 -> 2821.3 | E6: =+'ZAFIRO V14 ACTA MODI No. 2 '!Q270 -> 160792 | F6: =+D6*E6 -> 4.5364247e+08 | H6: 1.8563147e+10
A7: NP-7 | B7: SUMINISTRO E INSTALACIÓN DE CONCRETO DE 3000 PSI PARA GRADERIAS DE CANCHAS | C7: M3 | D7: =+'ZAFIRO V14 ACTA MODI No. 2 '!P271 -> 187.6554 | E7: =+'ZAFIRO V14 ACTA MODI No. 2 '!Q271 -> 1018133 | F7: =+D7*E7 -> 1.9105816e+08 | H7: =H5-H6 -> 83.639282
A8: NP-8 | B8: SUMINISTRO E INSTALACIÓN DE MALLA DE ALTO IMPACTO ELECTROSOLDADA CON PINTURA ELECTROESTATICA COLOR AZUL H=1.2M | C8: M2 | D8: =+'ZAFIRO V14 ACTA MODI No. 2 '!P272 -> 218.28 | E8: =+'ZAFIRO V14 ACTA MODI No. 2 '!Q272 -> 1273650 | F8: =+D8*E8 -> 278012322
A9: NP-9 | B9: SUMINISTRO E INSTALACIÓN DE CERRAMIENTO EN MALLA NYLON REF. 210/90. ORIFICIO 10X10 CM, ALTURA 10 M PARA CANCHA | C9: M2 | D9: =+'ZAFIRO V14 ACTA MODI No. 2 '!P273 -> 128.8 | E9: =+'ZAFIRO V14 ACTA MODI No. 2 '!Q273 -> 70223 | F9: =+D9*E9 -> 9044722.4
A10: NP-10 | B10: SUMINISTRO E INSTALACION DE PUERTA DE ACCESO DE 2.20X1 M PARA CANCHA | C10: UND | D10: =+'ZAFIRO V14 ACTA MODI No. 2 '!P274 -> 1 | E10: =+'ZAFIRO V14 ACTA MODI No. 2 '!Q274 -> 1571149 | F10: =+D10*E10 -> 1571149
A11: NP-11 | B11: SUMINISTRO E INSTALACIÓN DE ARENA NEGRA PARA JARDINERIA | C11: M3 | D11: =+'ZAFIRO V14 ACTA MODI No. 2 '!P275 -> 623.288 | E11: =+'ZAFIRO V14 ACTA MODI No. 2 '!Q275 -> 107089 | F11: =+D11*E11 -> 66747289
A12: NP-12 | B12: SUMINISTRO E INSTALACION DE PALMERAS HPROM=3,00 M | C12: UND | D12: =+'ZAFIRO V14 ACTA MODI No. 2 '!P276 -> 54 | E12: =+'ZAFIRO V14 ACTA MODI No. 2 '!Q276 -> 1271795 | F12: =+D12*E12 -> 68676930
A13: NP-13 | B13: SUMINISTRO E INSTALACIÓN PLANTAS NATIVAS SEGUN DISEÑO INCLUYE MANTENIMIENTO HASTA ENTREGA DE OBRA | C13: M2 | D13: =+'ZAFIRO V14 ACTA MODI No. 2 '!P277 -> 2879 | E13: =+'ZAFIRO V14 ACTA MODI No. 2 '!Q277 -> 100388 | F13: =+D13*E13 -> 289017052
A14: NP-14 | B14: SUMINISTRO, FABRICACIÓN, PINTURA TRICAPA, TRANSPORTE Y MONTAJE DE ESTRUCTURA METÁLICA ARQUITECTÓNICA EN ACERO A572 GR 50. | C14: KG | D14: =+'ZAFIRO V14 ACTA MODI No. 2 '!P278 -> 222401.43 | E14: =+'ZAFIRO V14 ACTA MODI No. 2 '!Q278 -> 35507.774 | F14: =+D14*E14 -> 7.8969798e+09
A15: NP-15 | B15: SUMINISTRO E INSTALACIÓN DE PERNOS DE ANCLAJES EMBEBIDOS EN CONCRETO ASTM A193 (B7) D= 1/2" L=0.3M | C15: UND | D15: =+'ZAFIRO V14 ACTA MODI No. 2 '!P279 -> 256 | E15: =+'ZAFIRO V14 ACTA MODI No. 2 '!Q279 -> 30463 | F15: =+D15*E15 -> 7798528
A16: NP-16 | B16: SUMINISTRO, FABRICACIÓN, PINTURA TRICAPA, TRANSPORTE Y MONTAJE DE ESTRUCTURA METÁLICA ARQUITECTÓNICA EN ACERO A500 GR C. | C16: KG | D16: =+'ZAFIRO V14 ACTA MODI No. 2 '!P280 -> 66176.17 | E16: =+'ZAFIRO V14 ACTA MODI No. 2 '!Q280 -> 33440 | F16: =+D16*E16 -> 2.2129311e+09
A17: NP-17 | B17: PILOTES PRE-EXCAVADOS Y FUNDIDOS IN-SITU D=60 CM CONCRETO TREMIE DE 5000 PSI (245 KG/CM2) . INCLUYE. CONCRETO TREMIE, EXCAVACIÓN, MOVILIZACIÓN, MONTAJE Y DESMONTAJE EQUIPO Y FUNDIDA. NO INCLUYE MANEJO NI SUMINISTRO DE ACERO DE REFUERZO. | C17: ML | D17: =+'ZAFIRO V14 ACTA MODI No. 2 '!P281 -> 432 | E17: =+'ZAFIRO V14 ACTA MODI No. 2 '!Q281 -> 1639289 | F17: =+D17*E17 -> 708172848
A18: NP-18 | B18: SUMINISTRO E INSTALACION DE PISO EN PINO AMARILLO DEL SUR INCLUYE TORNILLOS, ANCLAJES Y TODOS LOS ELEMENTOS PARA SU INSTALACION | C18: M2 | D18: =+'ZAFIRO V14 ACTA MODI No. 2 '!P282 -> 976.83 | E18: =+'ZAFIRO V14 ACTA MODI No. 2 '!Q282 -> 626308 | F18: =+D18*E18 -> 6.1179644e+08
A19: NP-19 | B19: SUMINISTRO E INSTALACIÓN DE PANEL TIPO SÁNDWICH TECHMET DRY 50MM | C19: M2 | D19: =+'ZAFIRO V14 ACTA MODI No. 2 '!P283 -> 443.83 | E19: =+'ZAFIRO V14 ACTA MODI No. 2 '!Q283 -> 518046 | F19: =+D19*E19 -> 2.2992436e+08
... A28: NP-28 | B28: SUMINISTRO E INSTALACION DE TUBERIA PVC CONDUIT DE 2¨ | C28: ML | D28: =+'ZAFIRO V14 ACTA MODI No. 2 '!P292 -> 1635 | E28: =+'ZAFIRO V14 ACTA MODI No. 2 '!Q292 -> 32292 | F28: =+D28*E28 -> 52797420

Sheet Resumen AD
A1: ÍTEM | B1: DESCRIPCIÓN | C1: UNIDAD | D1: CANT. | E1: VR. UNIT | F1: VALOR PARCIAL
A2: 11 | B2: ITEMS NO PREVISTOS | F2: =+F3 -> 9.9716325e+09
A3: 11.1 | B3: ITEMS NO PREVISTOS | F3: =SUM(F4:F43) -> 9.9716325e+09 | G3: 42
A4: ='ZAFIRO V14 ACTA MODI No. 2 '!A295 -> AD-1 | B4: ='ZAFIRO V14 ACTA MODI No. 2 '!B295 -> CONSTRUCCION DE PISO EN CONCRETO ESTAMPADO DE 3000 PSI, ESPESOR DE 0.10 M COLOR MATE NO INCLUYE ACERO DE REFUERZO | C4: ='ZAFIRO V14 ACTA MODI No. 2 '!C295 -> M2 | D4: =+'ZAFIRO V14 ACTA MODI No. 2 '!M295 -> 21274.59 | E4: =+'ZAFIRO V14 ACTA MODI No. 2 '!Q295 -> 194832 | F4: =+D4*E4 -> 4.1449709e+09
A5: ='ZAFIRO V14 ACTA MODI No. 2 '!A296 -> AD-2 | B5: ='ZAFIRO V14 ACTA MODI No. 2 '!B296 -> CONSTRUCCION DE CONCRETO PULIDO E: 0.10 M | C5: ='ZAFIRO V14 ACTA MODI No. 2 '!C296 -> M2 | D5: =+'ZAFIRO V14 ACTA MODI No. 2 '!M296 -> 3657.46 | E5: =+'ZAFIRO V14 ACTA MODI No. 2 '!Q296 -> 182789 | F5: =+D5*E5 -> 6.6854346e+08
A6: ='ZAFIRO V14 ACTA MODI No. 2 '!A297 -> AD-3 | B6: ='ZAFIRO V14 ACTA MODI No. 2 '!B297 -> SUMINISTRO E INSTALACIÓN DE CONCRETO HIDRÁULICO PARA PAVIMENTO MR-42 (4.2 MPA) E=0.20 M NO INCLUYE ACERO DE REFUERZO | C6: ='ZAFIRO V14 ACTA MODI No. 2 '!C297 -> M2 | D6: =+'ZAFIRO V14 ACTA MODI No. 2 '!M297 -> 2427.81 | E6: =+'ZAFIRO V14 ACTA MODI No. 2 '!Q297 -> 280563 | F6: =+D6*E6 -> 6.8115366e+08
A7: ='ZAFIRO V14 ACTA MODI No. 2 '!A298 -> AD-4 | B7: ='ZAFIRO V14 ACTA MODI No. 2 '!B298 -> SUMINISTRO E INSTALACIÓN DE CONCRETO DE 3000 PSI PARA CICLORUTA, ESPESOR 0.12M NO INCLUYE ACERO DE REFUERZO | C7: ='ZAFIRO V14 ACTA MODI No. 2 '!C298 -> M2 | D7: =+'ZAFIRO V14 ACTA MODI No. 2 '!M298 -> 3219.71 | E7: =+'ZAFIRO V14 ACTA MODI No. 2 '!Q298 -> 169604 | F7: =+D7*E7 -> 5.4607569e+08
A8: ='ZAFIRO V14 ACTA MODI No. 2 '!A299 -> AD-5 | B8: ='ZAFIRO V14 ACTA MODI No. 2 '!B299 -> SUMINISTRO E INSTLACIÓN DE TELÓN ENRROLLABLE TIPO ESTERA MICROPERFORADA EN PERFILES DE ALUMINIO EXTRUIDO. GUÍAS, EJE Y CAJÓN EN ALUMINIO. DIMENSIONES SEGÚN VANO (2,40Mx1,98M). INCLUYE ACABADO EN PINTURA ELECTROSTÁTICA, SISTEMA DE ACCIONAMIENTO Y CERRADURA CENTRAL DE PISO | C8: ='ZAFIRO V14 ACTA MODI No. 2 '!C299 -> M2 | D8: =+'ZAFIRO V14 ACTA MODI No. 2 '!M299 -> 117.6 | E8: =+'ZAFIRO V14 ACTA MODI No. 2 '!Q299 -> 1026676 | F8: =+D8*E8 -> 1.207371e+08
A9: ='ZAFIRO V14 ACTA MODI No. 2 '!A300 -> AD-6 | B9: ='ZAFIRO V14 ACTA MODI No. 2 '!B300 -> SUMINISTRO E INSTALACIÓN DE TUBERIA DE 160 MM (6") PARA AGUAS LLUVIAS | C9: ='ZAFIRO V14 ACTA MODI No. 2 '!C300 -> ML | D9: =+'ZAFIRO V14 ACTA MODI No. 2 '!M300 -> 689.05 | E9: =+'ZAFIRO V14 ACTA MODI No. 2 '!Q300 -> 101025 | F9: =+D9*E9 -> 69611276
A10: ='ZAFIRO V14 ACTA MODI No. 2 '!A301 -> AD-7 | B10: ='ZAFIRO V14 ACTA MODI No. 2 '!B301 -> SUMINISTRO E INSTALACIÓN DE TUBERIA DE 200 MM (8") PARA AGUAS LLUVIAS | C10: ='ZAFIRO V14 ACTA MODI No. 2 '!C301 -> ML | D10: =+'ZAFIRO V14 ACTA MODI No. 2 '!M301 -> 176.19 | E10: =+'ZAFIRO V14 ACTA MODI No. 2 '!Q301 -> 126333 | F10: =+D10*E10 -> 22258611
A11: ='ZAFIRO V14 ACTA MODI No. 2 '!A302 -> AD-8 | B11: ='ZAFIRO V14 ACTA MODI No. 2 '!B302 -> SUMINISTRO E INSTALACIÓN DE TUBERIA DE 250 MM (10") PARA AGUAS LLUVIAS | C11: ='ZAFIRO V14 ACTA MODI No. 2 '!C302 -> ML | D11: =+'ZAFIRO V14 ACTA MODI No. 2 '!M302 -> 75.42 | E11: =+'ZAFIRO V14 ACTA MODI No. 2 '!Q302 -> 175485 | F11: =+D11*E11 -> 13235079
A12: ='ZAFIRO V14 ACTA MODI No. 2 '!A303 -> AD-9 | B12: ='ZAFIRO V14 ACTA MODI No. 2 '!B303 -> SUMINISTRO E INSTALACIÓN DE TUBERIA DE 315 MM (12") PARA AGUAS LLUVIAS | C12: ='ZAFIRO V14 ACTA MODI No. 2 '!C303 -> ML | D12: =+'ZAFIRO V14 ACTA MODI No. 2 '!M303 -> 84.78 | E12: =+'ZAFIRO V14 ACTA MODI No. 2 '!Q303 -> 238871 | F12: =+D12*E12 -> 20251483
A13: ='ZAFIRO V14 ACTA MODI No. 2 '!A304 -> AD-10 | B13: ='ZAFIRO V14 ACTA MODI No. 2 '!B304 -> SUMINISTRO E INSTALACIÓN DE TUBERIA DE 355 MM (14") PARA AGUAS LLUVIAS | C13: ='ZAFIRO V14 ACTA MODI No. 2 '!C304 -> ML | D13: =+'ZAFIRO V14 ACTA MODI No. 2 '!M304 -> 68.94 | E13: =+'ZAFIRO V14 ACTA MODI No. 2 '!Q304 -> 333227 | F13: =+D13*E13 -> 22972669
A14: ='ZAFIRO V14 ACTA MODI No. 2 '!A305 -> AD-11 | B14: ='ZAFIRO V14 ACTA MODI No. 2 '!B305 -> SUMINISTRO E INSTALACIÓN DE TUBERIA DE 450 MM (18") PARA AGUAS LLUVIAS | C14: ='ZAFIRO V14 ACTA MODI No. 2 '!C305 -> ML | D14: =+'ZAFIRO V14 ACTA MODI No. 2 '!M305 -> 171.37 | E14: =+'ZAFIRO V14 ACTA MODI No. 2 '!Q305 -> 555643 | F14: =+D14*E14 -> 95220541
A15: ='ZAFIRO V14 ACTA MODI No. 2 '!A306 -> AD-12 | B15: ='ZAFIRO V14 ACTA MODI No. 2 '!B306 -> SUMINISTRO E INSTALACIÓN DE TUBERIA DE 500 MM (20") PARA AGUAS LLUVIAS | C15: ='ZAFIRO V14 ACTA MODI No. 2 '!C306 -> ML | D15: =+'ZAFIRO V14 ACTA MODI No. 2 '!M306 -> 57.27 | E15: =+'ZAFIRO V14 ACTA MODI No. 2 '!Q306 -> 663281 | F15: =+D15*E15 -> 37986103
... A43: ='ZAFIRO V14 ACTA MODI No. 2 '!A334 -> AD-40 | B43: ='ZAFIRO V14 ACTA MODI No. 2 '!B334 -> SUMINISTRO E INSTALACION DESDE TABLERO GENERAL ILUMINACION PLAYA 2F #6 + 1N #6 + 1T #10 AWG Cu THWN-2 600V. | C43: ='ZAFIRO V14 ACTA MODI No. 2 '!C334 -> ML | D43: =+'ZAFIRO V14 ACTA MODI No. 2 '!M334 -> 1341 | E43: =+'ZAFIRO V14 ACTA MODI No. 2 '!Q334 -> 79841 | F43: =+D43*E43 -> 107066781
